 Dungeon Crawl Stone Soup version 0.27-a0-1242-ge70438ac7b (webtiles) character file.

Game seed: 4212176683403073710

159 EiAlmux the Digger (level 5, -10/30 HPs)
             Began as a Gargoyle Earth Elementalist on June 9, 2021.
             Mangled by Menkaure (15 damage)
             ... in an ossuary.
             The game lasted 00:17:09 (5359 turns).

EiAlmux the Digger (Gargoyle Earth Elementalist)    Turns: 5359, Time: 00:17:10

Health: -10/30     AC:  7    Str: 12    XL:     5   Next: 40%
Magic:  3/9        EV: 11    Int: 16    God:
Gold:   127        SH:  0    Dex: 10    Spells: 3/9 levels left

rFire    . . .     SeeInvis .   h - +0 dagger
rCold    . . .     Faith    .   (no shield)
rNeg     + . .     Spirit   .   c - +0 robe
rPois    ∞         Reflect  .   (no helmet)
rElec    +         Harm     .   (no cloak)
rCorr    .         Rampage  .   (no gloves)
Will     .....                  i - +0 pair of boots
Stlth    ++........             (no amulet)
HPRegen  0.10/turn              (no ring)
MPRegen  0.11/turn              (no ring)

@: no status effects
A: sickness immunity, AC +4, negative energy resistance 1, electricity
resistance, torment resistance 1, petrification resistance
a: no special abilities


You were in an ossuary.
You visited 1 branch of the dungeon, and saw 4 of its levels.
You also visited: Ossuary.

You collected 127 gold pieces.

Inventory:

Hand Weapons
 d - a +0 whip
 h - a +0 dagger (weapon)
Missiles
 b - 37 stones
Armour
 c - a +0 robe (worn)
 i - a +0 pair of boots (worn)
 j - a +0 leather armour
Scrolls
 a - 2 scrolls of enchant weapon {unknown}
 l - a scroll of fear {unknown}
 n - a scroll of teleportation {unknown}
Potions
 e - a potion of attraction
 f - a potion of degeneration
 g - a potion of might {unknown}
 k - a potion of resistance
 m - 2 potions of cancellation
 o - a potion of flight {unknown}


   Skills:
 - Level 2.0 Fighting
 - Level 1.5 Dodging
 + Level 3.3 Stealth
 + Level 2.6 Spellcasting
 + Level 1.7 Conjurations
 * Level 1.5 Transmutations
 + Level 4.5 Earth Magic


You had 3 spell levels left.
You knew the following spells:

 Your Spells              Type           Power      Damage    Failure   Level
a - Sandblast             Erth           32%        2d9       3%          1
b - Passwall              Tmut/Erth      9%         N/A       9%          2
c - Stone Arrow           Conj/Erth      24%        3d8       16%         3

Your spell library contained the following spells:

 Spells                   Type           Power      Damage    Failure   Level
 Magic Dart               Conj           28%        1d4       10%         1
 Blink                    Tloc           N/A        N/A       28%         2
 Call Imp                 Summ           2%         N/A       28%         2
 Slow                     Hex            2%         N/A       28%         2
 Conjure Flame            Conj/Fire      4%         6-21      38%         3
 Mephitic Cloud           Conj/Pois/Air  3%         N/A       43%         3
 Petrify                  Tmut/Erth      11%        N/A       50%         4
 Lee's Rapid Deconstruct  Erth           8%         3d8*      63%         5


Dungeon Overview and Level Annotations

Branches:
Dungeon (4/15)            Ossuary (1/1)
 Temple: D:4-7

Altars:

Annotations:
D:4 exclusions: ogre and phantom Ossuary Menkaure


Innate Abilities, Weirdness & Mutations

You are immune to sickness and miasma.
Your stone body is resilient. (AC +4)
You are immune to poison.
You resist negative energy. (rN+)
You are resistant to electric shocks. (rElec)
You are resistant to unholy torment.
You are immune to petrification.


Message History

Aim: Menkaure (moderately damaged, 90% to hit)
The blast of sand hits Menkaure!
Menkaure is heavily damaged.
Casting: Sandblast (safe; 3% risk of failure)
Confirm with . or Enter, or press ? or * to list all spells.
Aiming: Sandblast (safe; 3% risk of failure)
Press: ? - help, Shift-Dir - straight line, f/p - Menkaure
Aim: Menkaure (heavily damaged, 90% to hit)
The blast of sand hits Menkaure but does no damage.
Menkaure is heavily damaged.
Menkaure hits you!
Ouch! That really hurt!
* * * LOW HITPOINT WARNING * * *
Casting: Sandblast (safe; 3% risk of failure)
Confirm with . or Enter, or press ? or * to list all spells.
Aiming: Sandblast (safe; 3% risk of failure)
Press: ? - help, Shift-Dir - straight line, f/p - Menkaure
Aim: Menkaure (heavily damaged, 90% to hit)
The blast of sand hits Menkaure but does no damage.
Menkaure is heavily damaged.
Menkaure closely misses you.
Casting: Sandblast (safe; 3% risk of failure)
Confirm with . or Enter, or press ? or * to list all spells.
Aiming: Sandblast (safe; 3% risk of failure)
Press: ? - help, Shift-Dir - straight line, f/p - Menkaure
Aim: Menkaure (heavily damaged, 90% to hit)
The blast of sand hits Menkaure but does no damage.
Menkaure is heavily damaged.
Menkaure hits you.
* * * LOW HITPOINT WARNING * * *
Casting: Sandblast (safe; 3% risk of failure)
Confirm with . or Enter, or press ? or * to list all spells.
Aiming: Sandblast (safe; 3% risk of failure)
Press: ? - help, Shift-Dir - straight line, f/p - Menkaure
Aim: Menkaure (heavily damaged, 90% to hit)
The blast of sand hits Menkaure but does no damage.
Menkaure is heavily damaged.
Menkaure hits you!
Ouch! That really hurt!
You die...

##..##..##..####.^##..##..
##..##^.##..## ##..##..##.
##..##..##..## ##^.##..##
##^.##..##..## ##..##..#
##..##..##..## ##.^##..
##..##..##..## ##..##.
##..##..##..## ##..##
##..##..##..############ ##..#
#..##..##.......@MZ.^.^. ##..
..##..##########################.
.##^..............^..^.....^.....
#################################
.................................
#################################


You could see Menkaure and an orc zombie.

Vanquished Creatures
  3 mummies (Ossuary)
  4 adders
  7 orcs (D:3)
  4 bats
  7 endoplasms
  2 giant cockroaches
  4 goblins
  5 hobgoblins
  3 kobolds
  6 ball pythons
  5 frilled lizards
  3 gnoll skeletons (Ossuary)
  A gnoll zombie (Ossuary)
  A goblin skeleton (Ossuary)
  6 goblin zombies (Ossuary)
  6 hobgoblin skeletons (Ossuary)
  6 hobgoblin zombies
  5 kobold skeletons (Ossuary)
  5 kobold zombies
  3 orc skeletons (Ossuary)
  3 orc zombies (Ossuary)
  5 rats
  2 rat skeletons (Ossuary)
  2 rat zombies (Ossuary)
98 creatures vanquished.

Vanquished Creatures (others)
  A goblin zombie (Ossuary)
  A hobgoblin skeleton (Ossuary)
  2 kobold skeletons (Ossuary)
  An orc zombie (Ossuary)
  A rat skeleton (Ossuary)
6 creatures vanquished.

Grand Total: 104 creatures vanquished

Notes
Turn   | Place    | Note
-------+----------+-------------------------------------------
     0 | D:1      | EiAlmux the Gargoyle Earth Elementalist began the quest for
                  | the Orb.
     0 | D:1      | Reached XP level 1. HP: 10/10 MP: 3/3
   890 | D:1      | Reached skill level 1 in Fighting
   890 | D:1      | Reached XP level 2. HP: 9/16 MP: 3/5
   893 | D:1      | Learned a level 2 spell: Passwall
  1176 | D:1      | Reached skill level 1 in Transmutations
  1456 | D:1      | Found a faded altar of an unknown god.
  1933 | D:2      | Reached XP level 3. HP: 13/20 MP: 6/6
  2071 | D:2      | Reached skill level 4 in Earth Magic
  2907 | D:3      | Learned a level 3 spell: Stone Arrow
  2923 | D:3      | Reached XP level 4. HP: 15/26 MP: 3/7
  3364 | D:3      | Reached skill level 1 in Conjurations
  4046 | D:4      | Noticed an ogre
  4064 | D:4      | Noticed a phantom
  4257 | D:4      | Found a sand-covered staircase.
  4276 | Ossuary  | Entered an ossuary
  4867 | Ossuary  | Reached XP level 5. HP: 30/30 MP: 8/8
  5349 | Ossuary  | Noticed Menkaure
  5359 | Ossuary  | Mangled by Menkaure

Illustrated notes

Levels and vault maps discovered:
D:1:      tarquinn_simple_flora_water_a, layout_loops_ring,
          shapermc_ecumenical_altar_mp_vishouse
D:2:      layout_basic, st_stairs_7
D:3:      layout_loops_cross
D:4:      layout_loops_ring, enter_ossuary_3, minmay_goblin_outpost
Ossuary:  ossuary_due_pyramid

Skill      XL: |  1  2  3  4 |
---------------+-------------+-----
Fighting       | 1 2 |  2.0
Transmutations | 1 |  1.5
Earth Magic    | 4 |  4.5
Stealth        | 3 |  3.3
Conjurations   | 1 |  1.7
Dodging        | |  1.5
Spellcasting   | |  2.6

Action                   |  1- 3 |  4- 6 || total
-------------------------+-------+-------++-------
Melee: Whip              |    28 |       ||    28
       Dagger            |    83 |   277 ||   360
 Cast: Sandblast         |    11 |    32 ||    43
  Use: Scroll            |       |     4 ||     4
 Stab: Sleeping          |     5 |     4 ||     9
Armor: Robe              |    38 |    71 ||   109
Dodge: Dodged            |    61 |   151 ||   212

Table legend: (Time is in decaauts)
 A = Elapsed time spent in this place.
 B = Non-inter-level travel time spent in this place.
 C = Inter-level travel time spent in this place.
 D = Time resting spent in this place.
 E = Time spent auto-exploring this place.
 F = Levels seen in this place.
 G = Mean time per level.
                   A        B        C        D        E       F      G
               +--------+--------+--------+--------+--------+-----+--------+
         Total |   5359 |   5289 |     70 |    315 |   4080 |   5 | 1071.8 |
       Dungeon |   4277 |   4207 |     70 |      0 |   3703 |   4 | 1069.2 |
       Ossuary |   1082 |   1082 |      0 |    315 |    377 |   1 | 1082.0 |
               +--------+--------+--------+--------+--------+-----+--------+

Top non-repeatable levels by time:
     D:1: 1620 daAuts
     D:3: 1291 daAuts
     D:2: 1131 daAuts
 Ossuary: 1082 daAuts
     D:4: 232 daAuts
